Map: Frozen Temple

Players

Fropez

  • Race: Protoss Protoss
  • League: Gold
  • Spawn Location: 5:00

Econfordays - Winner!

  • Race: Zerg Zerg
  • League: Gold
  • Spawn Location: 11:00

VOD

Have the link to the VOD?

Description

Time

  • Played on: July 17, 2016, 12:30 p.m.
  • Length: 15:19
Show
View Real Time Build Order
Export as new Build Order

Fropez Protoss 

Build Orders: 1 Gate Expand, Mass Adepts 

Get SALT Encoding   

  12  0:01  Probe (Chrono Boost)  
  14  0:14  Probe (Chrono Boost)  
  14  0:23  Pylon  
  14  0:24  Probe (Chrono Boost)  
  15  0:42  Probe (Chrono Boost)  
  16  0:44  Gateway  
  16  0:48  Assimilator  
  16  0:52  Probe (Chrono Boost)  
  17  1:18  Nexus  
  17  1:20  Probe (Chrono Boost)  
  18  1:35  Cybernetics Core  
  18  1:48  Gateway  
  18  1:53  Pylon  
  18  1:55  Probe (Chrono Boost)  
  19  2:02  Assimilator  
  20  2:12  Warp Gate (Chrono Boost)  
  19  2:20  Mothership Core (Chrono Boost)  
  21  2:29  Probe  
  21  2:35  Adept  
  24  2:38  Adept  
  26  2:47  Probe  
  26  2:48  Probe  
  28  2:58  Probe  
  28  3:02  Adept  
  28  3:05  Adept  
  33  3:14  Probe  
  34  3:24  Probe  
  35  3:27  Pylon x2  
  35  3:29  Adept  
  35  3:32  Adept  
  37  3:44  Probe  
  37  3:45  Probe  
  39  3:48  Assimilator  
  39  3:50  Assimilator  
  37  4:03  Probe  
  37  4:04  Probe  
  39  4:14  Probe  
  39  4:16  Probe  
  41  4:17  Adept  
  41  4:18  Adept  
  41  4:21  Forge  
  45  4:25  Probe  
  46  4:34  Probe  
  47  4:39  Adept x2  
  51  4:48  Gateway  
  51  4:54  Protoss Ground Weapons Level 1 (Chrono Boost)  
  51  5:01  Pylon  
  51  5:03  Robotics Facility  
  51  5:05  Probe  
  52  5:10  Stalker  
  52  5:12  Probe  
  53  5:39  Probe  
  53  5:41  Probe  
  49  5:45  Stalker x2  
  53  5:50  Probe  
  53  5:53  Probe  
  55  5:59  Pylon  
  55  6:00  Warp Prism, Probe  
  58  6:05  Probe  
  59  6:11  Probe  
  54  6:26  Adept x2  
  54  6:27  Adept  
  56  6:36  Probe x2  
  58  6:44  Observer  
  58  6:47  Probe  
  59  6:48  Probe  
  59  6:53  Twilight Council  
  61  6:57  Probe, Gateway  
  61  7:01  Probe  
  63  7:08  Probe  
  61  7:11  Gateway  
  61  7:13  Protoss Ground Armor Level 1 (Chrono Boost)  
  62  7:28  Adept x2  
  62  7:29  Adept  
  68  7:56  Stalker  
  64  8:07  Pylon  
  64  8:09  Resonating Glaives (Chrono Boost)  
  64  8:10  Pylon  
  62  8:13  Pylon, Probe  
  62  8:15  Pylon  
  63  8:20  Pylon  
  63  8:26  Probe  
  64  8:30  Nexus  
  64  8:34  Assimilator  
  64  8:35  Assimilator  
  64  8:39  Probe  
  64  8:40  Pylon x2, Probe  
  66  8:43  Adept x3  
  66  8:44  Adept x2, Pylon  
  76  8:51  Probe  
  76  8:52  Probe  
  78  9:18  Photon Cannon  
  78  9:20  Photon Cannon  
  78  9:23  Photon Cannon  
  64  9:53  Adept x4  
  64  9:54  Adept  
  72  10:02  Probe x2  
  72  10:03  Probe  
  73  10:12  Gateway  
  73  10:16  Gateway  
  73  10:17  Pylon  
  73  10:18  Protoss Ground Weapons Level 2  
  73  10:20  Pylon  
  67  10:24  Adept x5  
  67  10:27  Probe x2  
  77  10:28  Pylon  
  77  10:40  Charge (Chrono Boost), Immortal  
  59  11:17  Zealot x3  
  60  11:19  Immortal (Chrono Boost)  
  60  11:35  Zealot x2  
  52  11:48  Zealot  
  52  11:49  Zealot x2  
  48  12:12  Zealot x4  
  48  12:13  Zealot  
  52  12:32  Probe  
  52  12:33  Probe  
  52  12:34  Gateway  
  52  12:35  Gateway  
  54  12:37  Gateway  
  54  12:40  Zealot  
  54  12:41  Zealot x4  
  54  12:42  Gateway  
  61  13:05  Probe  
  61  13:07  Probe  
  61  13:11  Zealot  
  61  13:12  Zealot x4  
  73  13:13  Nexus  
  73  13:15  Pylon  
  61  13:40  Pylon  
  61  13:55  Nexus  
  61  13:56  Pylon, Cybernetics Core  
  61  14:00  Probe  
  60  14:16  Zealot x2  
  54  14:23  Photon Cannon, Zealot  
  56  14:35  Dark Shrine  
  56  14:43  Sentry x4  
  56  14:44  Sentry  
  50  14:56  Zealot  
  50  14:57  Zealot x3  
  40  15:08  Zealot  
  40  15:09  Zealot x3  
Show
View Real Time Build Order
Export as new Build Order

Econfordays Zerg - Winner!

Build Orders: Hatch First 

Get SALT Encoding   

  12  0:08  Extractor  
  12  0:11  Extractor, Drone  
  12  0:13  Drone  
  12  0:18  Drone  
  13  0:29  Overlord  
  13  0:35  Drone  
  14  0:47  Drone  
  15  0:54  Drone  
  16  1:05  Overlord  
  16  1:22  Hatchery  
  15  1:26  Drone  
  16  1:33  Pneumatized Carapace  
  16  1:38  Drone  
  18  1:47  Drone  
  18  1:55  Drone  
  19  2:03  Spawning Pool  
  19  2:07  Drone  
  19  2:20  Evolution Chamber  
  18  2:28  Drone x2  
  20  2:34  Drone  
  21  2:56  Zergling x10  
  26  3:00  Metabolic Boost  
  26  3:08  Baneling Nest  
  26  3:10  Zerg Melee Weapons Level 1  
  25  3:13  Queen  
  27  3:32  Spine Crawler, Zergling x8  
  30  3:48  Zergling x8  
  32  4:15  Zergling x8  
  35  4:30  Overlord x2  
  35  4:42  Baneling  
  35  4:44  Baneling  
  35  4:46  Baneling x4  
  35  4:47  Queen  
  37  5:00  Drone  
  37  5:01  Drone x4  
  37  5:03  Drone  
  43  5:07  Zerg Missile Weapons Level 1  
  43  5:15  Overlord, Drone  
  39  5:45  Zergling x6  
  39  5:46  Zergling x2  
  43  5:52  Extractor  
  43  5:54  Extractor, Drone x2  
  43  6:01  Roach Warren  
  33  6:34  Zergling x12  
  33  6:39  Drone  
  40  6:40  Drone  
  40  6:46  Hatchery  
  39  6:52  Lair  
  39  6:54  Drone x2  
  41  6:55  Drone x2  
  41  6:56  Overlord  
  42  7:22  Hatchery  
  41  7:28  Zergling x4  
  41  7:29  Overlord  
  43  7:31  Drone x2  
  43  7:32  Drone x4  
  43  7:33  Drone  
  47  7:58  Zergling x8  
  48  8:13  Queen  
  48  8:14  Queen  
  48  8:15  Spore Crawler  
  48  8:16  Drone x3, Spore Crawler  
  53  8:21  Spore Crawler x2  
  53  8:24  Zerg Melee Weapons Level 2  
  53  8:26  Glial Reconstitution  
  51  8:27  Roach  
  51  8:28  Roach x3  
  59  8:41  Queen  
  59  8:43  Drone x3  
  64  8:58  Drone x2  
  65  9:03  Roach x2  
  65  9:04  Roach x4  
  65  9:09  Drone x3  
  80  9:13  Drone  
  80  9:14  Drone  
  80  9:15  Overlord  
  71  10:08  Zergling x16  
  71  10:09  Zergling x4  
  71  10:10  Drone x2  
  71  10:11  Drone  
  82  10:18  Baneling x5  
  82  10:19  Baneling x3  
  82  10:23  Drone x4  
  82  10:24  Queen  
  82  10:25  Queen x2  
  90  10:53  Zergling x2  
  90  10:54  Zergling x10  
  92  11:06  Baneling x4  
  92  11:07  Roach x2  
  94  11:28  Hydralisk Den  
  94  11:29  Zerg Missile Weapons Level 2  
  86  11:45  Zergling x6  
  86  11:46  Zergling x2  
  85  11:49  Zergling x10  
  85  11:50  Zergling x2  
  86  12:04  Zergling x2  
  86  12:05  Zergling x14  
  88  12:30  Roach x3  
  88  12:31  Roach  
  88  12:34  Overlord x4  
  83  12:56  Roach x8  
  83  12:57  Roach x3  
  86  13:06  Drone  
  87  13:18  Extractor  
  87  13:19  Extractor, Drone  
  84  13:35  Hydralisk x4  
  92  13:47  Drone x5  
  92  13:48  Overlord x2, Drone  
  98  13:50  Overlord  
  98  13:51  Drone x3  
  98  13:53  Hydralisk x2  
  105  14:04  Muscular Augments  
  104  14:34  Zergling x2  
  104  14:35  Zergling x12  
Tags
 
Composition
Mass Adepts
League
GoldGold
Matchup
PvZ
Replay Pack
All Mines
Spawn Locations
Cross Positions
Add a new tag
Caveats
  • Supply blocks, unpowered buildings, or Contaminate may cause inaccurate times.
  • Supply counts are checked every 10 seconds.